Workbook

Sheet Ref
A1: Etat d'avancement | D1: Feuille de route O/N | E1: Nature d'indicateur | F1: Type d'indicateur
A2: Non inscrit au PTSM | B2: 0 | C2: NC | D2: Oui | E2: Réalisation | F2: Indicateur socle
A3: Non démarré | B3: 0 | C3: 0 | D3: Non | E3: Résultat | F3: Indicateur complémentaire
A4: En lancement | B4: 1 | C4: 0.25 | E4: Impact
A5: A mi chemin | B5: 2 | C5: 0.5
A6: En finalisation | B6: 3 | C6: 0.75
A7: Terminé - installé en routine | B7: 4 | C7: 1

Sheet Mode d'emploi
A1: Le document est décomposé en 8 onglets, tels que :
B3: 6 onglets "priorité", pour chacune des priorités telles que définies dans le décret du 27/07/2017. Chaque onglet est construit de la même manière. | D3: L'onglet est décomposé en 2 grandes parties.
D4: => Une partie bilan reprend les fiches actions du PTSM en fonction des grandes catégories d'action du cadre d'évaluation (voir outil PDF) et permet un suivi synthétique
B5: 1 onglet "processus" qui porte sur les aspects de méthode liée à la manière de travailler en PTSM. Il est construit selon le même plan et la même logique que les onglets "priorité". | D5: => Une partie "évaluation" centralise les indicateurs socles et les questionnement auxquels l'évaluation du PTSM doit permettre de répondre.
B7: 1 onglet "vision d'ensemble" propose une synthèse de l'état d'avancement du PTSM pour chaque priorité. Cet onglet se complète automatiquement avec les données remplies dans les autres onglets (état d'avancement)
B13: Partie bilan : partie basse du document. | G13: Partie évaluation : partie haute du document.

Sheet Vision d'ensemble
A2: Avancement général du PTSM | C2: Budget | D2: ETP | G2: En lancement | H2: A mi chemin | I2: En finalisation
E3: 0 | F3: 0 | G3: 1 | H3: 2 | I3: 3
A4: Processus, démarche PTSM | B4: =(E4*E$3+F4*F$3+G4*G$3+H4*H$3+I4*I$3)/SUM(E4:I4) -> #DIV/0! | C4: =SUM(Processus!F25:F49) -> 0 | D4: =SUM(Processus!G25:G49) -> 0 | E4: =COUNTIF(Processus!$A:$A,'Vision d''ensemble'!D$2) -> 0 | F4: =COUNTIF(Processus!$A:$A,'Vision d''ensemble'!C$2) -> 0 | G4: =COUNTIF(Processus!$A:$A,'Vision d''ensemble'!G$2) -> 0 | H4: =COUNTIF(Processus!$A:$A,'Vision d''ensemble'!H$2) -> 0 | I4: =COUNTIF(Processus!$A:$A,'Vision d''ensemble'!I$2) -> 0
A5: Priorité 1 | B5: =(E5*E$3+F5*F$3+G5*G$3+H5*H$3+I5*I$3)/SUM(E5:I5) -> #DIV/0! | C5: =SUM(Priorité1!F29:F71) -> 0 | D5: =SUM(Priorité1!G29:G71) -> 0 | E5: =COUNTIF(Priorité1!$A:$A,'Vision d''ensemble'!D$2) -> 0 | F5: =COUNTIF(Priorité1!$A:$A,'Vision d''ensemble'!C$2) -> 0 | G5: =COUNTIF(Priorité1!$A:$A,'Vision d''ensemble'!G$2) -> 0 | H5: =COUNTIF(Priorité1!$A:$A,'Vision d''ensemble'!H$2) -> 0 | I5: =COUNTIF(Priorité1!$A:$A,'Vision d''ensemble'!I$2) -> 0
A6: Priorité 2 | B6: =(E6*E$3+F6*F$3+G6*G$3+H6*H$3+I6*I$3)/SUM(E6:I6) -> #DIV/0! | C6: =SUM(Priorité2!F30:F81) -> 0 | D6: =SUM(Priorité2!G30:G81) -> 0 | E6: =SUM(Priorité2!H30:H81) -> 0 | F6: =SUM(Priorité2!I30:I81) -> 0 | G6: =SUM(Priorité2!J30:J81) -> 0 | H6: =SUM(Priorité2!K30:K81) -> 0 | I6: =SUM(Priorité2!L30:L81) -> 0 | J6: =SUM(Priorité2!M30:M81) -> 0
A7: Priorité 3 | B7: =(E7*E$3+F7*F$3+G7*G$3+H7*H$3+I7*I$3)/SUM(E7:I7) -> #DIV/0! | C7: =SUM(Priorité3!F22:F39) -> 0 | D7: =SUM(Priorité3!G22:G39) -> 0 | E7: =SUM(Priorité3!H22:H39) -> 0 | F7: =SUM(Priorité3!I22:I39) -> 0 | G7: =SUM(Priorité3!J22:J39) -> 0 | H7: =SUM(Priorité3!K22:K39) -> 0 | I7: =SUM(Priorité3!L22:L39) -> 0 | J7: =SUM(Priorité3!M22:M39) -> 0
A8: Priorité 4 | B8: =(E8*E$3+F8*F$3+G8*G$3+H8*H$3+I8*I$3)/SUM(E8:I8) -> #DIV/0! | C8: =SUM(Priorité4!F25:F58) -> 0 | D8: =SUM(Priorité4!G25:G58) -> 0 | E8: =SUM(Priorité4!H25:H58) -> 0 | F8: =SUM(Priorité4!I25:I58) -> 0 | G8: =SUM(Priorité4!J25:J58) -> 0 | H8: =SUM(Priorité4!K25:K58) -> 0 | I8: =SUM(Priorité4!L25:L58) -> 0 | J8: =SUM(Priorité4!M25:M58) -> 0
A9: Priorité 5 | B9: =(E9*E$3+F9*F$3+G9*G$3+H9*H$3+I9*I$3)/SUM(E9:I9) -> #DIV/0! | C9: =SUM(Priorité5!F25:F67) -> 0 | D9: =SUM(Priorité5!G25:G67) -> 0 | E9: =SUM(Priorité5!H25:H67) -> 0 | F9: =SUM(Priorité5!I25:I67) -> 0 | G9: =SUM(Priorité5!J25:J67) -> 0 | H9: =SUM(Priorité5!K25:K67) -> 0 | I9: =SUM(Priorité5!L25:L67) -> 0 | J9: =SUM(Priorité5!M25:M67) -> 0
A10: Priorité 6 | B10: =(E10*E$3+F10*F$3+G10*G$3+H10*H$3+I10*I$3)/SUM(E10:I10) -> #DIV/0! | C10: =SUM(Priorité6!F19:F36) -> 0 | D10: =SUM(Priorité6!G19:G36) -> 0 | E10: =SUM(Priorité6!H19:H36) -> 0 | F10: =SUM(Priorité6!I19:I36) -> 0 | G10: =SUM(Priorité6!J19:J36) -> 0 | H10: =SUM(Priorité6!K19:K36) -> 0 | I10: =SUM(Priorité6!L19:L36) -> 0 | J10: =SUM(Priorité6!M19:M36) -> 0
C11: =SUM(E4:E10) -> 0 | D11: =SUM(F4:F10) -> 0

Sheet Processus
A1: 00. Démarche et processus PTSM
A2: Indicateurs communs à tous les PTSM | B2: Indicateur | C2: Valeur année 0 (diagnostic) | D2: Valeur année 1 | E2: Valeur année 2 | F2: Valeur année 3 | G2: Valeur année 4 | H2: Valeur année 5 | I2: Evolution Année 0/Année 5 | J2: Commentaires
B3: Part des actions non reliées à un constat issu du diagnostic | I3: =IF(ISERROR((H3-C3)/C3),"",(H3-C3)/C3)
B4: Nb d'actions par priorité | I4: =IF(ISERROR((H4-C4)/C4),"",(H4-C4)/C4)
B5: Moyens alloués par les opérateurs aux actions du PTSM | I5: =IF(ISERROR((H5-C5)/C5),"",(H5-C5)/C5)
B6: Moyens financiers affectés à la santé mentale dans les CLS
B7: Part de la population couverte par un CLS intégrant un volet santé mentale | I7: =IF(ISERROR((H7-C7)/C7),"",(H7-C7)/C7)
B8: Part de la population couverte par un CLSM | I8: =IF(ISERROR((H8-C8)/C8),"",(H8-C8)/C8)
A9: Indicateurs locaux | I9: =IF(ISERROR((H9-C9)/C9),"",(H9-C9)/C9)
I10: =IF(ISERROR((H10-C10)/C10),"",(H10-C10)/C10)
I11: =IF(ISERROR((H11-C11)/C11),"",(H11-C11)/C11)
I12: =IF(ISERROR((H12-C12)/C12),"",(H12-C12)/C12)
A13: Enseignements "qualitatifs" | B13: Oui ou plutôt oui, parce que… | C13: Non ou plutôt non, parce que… | D13: Leviers permettant d'obtenir ces résultats | E13: Freins ayant limité les résultats | F13: Perspectives et pistes de travail | G13: Autre commentaire
A14: Le PTSM a-t-il facilité la création de liens de confiance et de coopérations efficaces entre les acteurs du territoire ?
A15: Le PTSM a-t-il permis d'identifier et de faire avancer les actions prioritaires pour le territoire ?
A16: Le PTSM permet-il de faciliter l'accès à des financements pour la mise en œuvre d'actions ?
A17: Le PTSM permet-il de créer un espace de consensus pour les acteurs du territoire, notamment à l'échelle locale, sur les enjeux en matière de santé mentale ?
A18: Le PTSM favorise-t-il la mobilisation de l'ensemble de acteurs autour d'une action cohérente en matière de santé mentale ?
A19: Le PTSM permet-il d'accélérer la mise en place d'action en faveur de la santé mentale ?
A20: Le PTSM s'inscrit-il en cohérence avec les orientations du PRS et de la feuille de route nationale en santé mentale ?
A23: Sélectionner le niveau d'avancement dans les listes déroulantes ci-dessous
A24: Méthode | B24: P0CAT1 | C24: Actions du PTSM | D24: Etat d'avancement | E24: Eléments de bilan sur l'action | F24: Budget consacré | G24: ETP consacrés | H24: Commentaire | J24: Pour rappel, cette catégorie peut inclure les types d'actions suivantes :
B25: Actions du PTSM | J25: Un cadre national, des priorités Un diagnostic Un plan d’action / des fiches action Une démarche collégiale Un contrat Une gouvernance
A33: Moyens | B33: P0CAT2 | C33: Actions du PTSM | D33: Etat d'avancement | E33: Eléments de bilan sur l'action | F33: Budget consacré | G33: ETP consacrés | H33: Commentaire | J33: Pour rappel, cette catégorie peut inclure les types d'actions suivantes :
B34: Actions du PTSM | J34: Des moyens humains fléchés / un coordonnateur Une durée déterminée Un soutien financier (FIR / CNR + DAF)
A42: Articulation dans l'écosystème | B42: P0CAT3 | C42: Actions du PTSM | D42: Etat d'avancement | E42: Eléments de bilan sur l'action | F42: Budget consacré | G42: ETP consacrés | H42: Commentaire | J42: Pour rappel, cette catégorie peut inclure les types d'actions suivantes :
B43: Actions du PTSM | J43: Un territoire délimité Une articulation avec les documents de planification régionaux (PRS) Une déclinaison dans les contrats et conseils locaux (CLS, CLSM) Une articulation avec les instances de coordinations sur les filières et parcours (DAC, CPTS, C360…)

Sheet Priorité1
A1: 1. Diagnostic et repérage précoce, accès aux soins
A2: Indicateurs communs à tous les PTSM | B2: Indicateur | C2: Source | D2: Valeur année 0 (diagnostic) | E2: Valeur année 1 | F2: Valeur année 2 | G2: Valeur année 3 | H2: Valeur année 4 | I2: Valeur année 5 | J2: Evolution Année 0/Année 5 | K2: Commentaires
B3: Nombre de patients pris en charge pour un épisode prodromique par un établissement (HC, HTTP, ambulatoire) | C3: PMSI ( Etablissement) | J3: =IF(ISERROR((I3-D3)/D3),"",(I3-D3)/D3)
B4: Nombre de passages aux urgences pour tentative de suicide | C4: RPU ( Etablissement siège des urgences) | J4: =IF(ISERROR((I4-D4)/D4),"",(I4-D4)/D4)
B5: Nombre d’hospitalisations en psychiatrie suite à tentative de suicide | C5: PMSI | J5: =IF(ISERROR((I5-D5)/D5),"",(I5-D5)/D5)
B6: Délai d'accès à un premier entretien avec un psychiatre (hors urgences) | C6: Enquête
B7: Nombre de structures d’exercice coordonné proposant des consultations avancées en psychiatrie | C7: ARS (service premier recours) | J7: =IF(ISERROR((I7-D7)/D7),"",(I7-D7)/D7)
B8: Nombre d'infirmiers en pratique avancée (IPA) en psychiatrie | C8: ARS (service professionnels de santé) | J8: =IF(ISERROR((I8-D8)/D8),"",(I8-D8)/D8)
A9: Indicateurs locaux | J9: =IF(ISERROR((I9-D9)/D9),"",(I9-D9)/D9)
J10: =IF(ISERROR((I10-D10)/D10),"",(I10-D10)/D10)
J11: =IF(ISERROR((I11-D11)/D11),"",(I11-D11)/D11)
J12: =IF(ISERROR((I12-D12)/D12),"",(I12-D12)/D12)
A13: Enseignements "qualitatifs" | C13: Oui ou plutôt oui, parce que… | D13: Non ou plutôt non, parce que… | E13: Leviers permettant d'obtenir ces résultats | F13: Freins ayant limité les résultats | G13: Perspectives et pistes de travail | H13: Autre commentaire
A14: Les délais d'accès au dépistage, à l'évaluation, au diagnostic, à une prise en charge spécialisée sont-ils réduits ?
A15: Le repérage est-il plus précoce ?
A16: L'accès au diagnostic et à l'expertise est-il amélioré ?
A17: Le nb de professionnels pouvant assurer le repérage a-t-il augmenté ? Est-il suffisant ?
A18: Sont-ils mieux en capacité de repérer, orienter, prendre en charge ? Sont-ils outiller pour cela ?
A19: L'accessibilité géographique et sociale aux soins / prises en charge est-elle renforcée ?
A20: Les freins d'accès aux consultations sont-ils levés / réduits ?
A21: Le territoire est-il mieux maillé ?
A22: Le nombre de passage à l'acte est-il en baisse ?
A23: Le passage à l'acte suicidaire est-il mieux prévenu ?
A24: Les personnes sont-elles mieux repérées, orientées ?
A27: Sélectionner le niveau d'avancement dans les listes déroulantes ci-dessous
A28: Outils et compétences pour le repérage | B28: P1CAT1 | C28: Actions du PTSM | D28: Etat d'avancement | E28: Eléments de bilan sur l'action | F28: Budget consacré | G28: ETP consacrés | H28: Commentaire | J28: Pour rappel, cette catégorie peut inclure les types d'actions suivantes :
B29: Actions du PTSM | C29: Action 1 | D29: 1 | J29: Sensibilisation / formation aux premiers secours en santé mentale et aux troubles psychiques (PSSM) Formation au repérage précoce Outils et structures de repérage précoce (maison des adolescents, équipes mobiles)
A37: Accès à l'expertise | B37: P1CAT2 | D37: Etat d'avancement | E37: Eléments de bilan sur l'action | F37: Budget consacré | G37: ETP consacrés | H37: Commentaire | J37: Pour rappel, cette catégorie peut inclure les types d'actions suivantes :
B38: Actions du PTSM | J38: Téléexpertise Tutorat et consolidation du savoir en psychiatrie Ressources en santé mentale à destination des professionnels (portail d’info, annuaire, centre ressource) Création de connaissance sur le territoire (observatoire)
A46: Accès au diagnostic | B46: P1CAT3 | D46: Etat d'avancement | E46: Eléments de bilan sur l'action | F46: Budget consacré | G46: ETP consacrés | H46: Commentaire | J46: Pour rappel, cette catégorie peut inclure les types d'actions suivantes :
B47: Actions du PTSM | J47: Plateforme d’aide au diagnostic Dispositifs d'accueil, d'évaluation, de diagnostic et d'orientation à accès rapide
A55: Accessibilité géographique et sociale | B55: P1CAT4 | C55: Actions du PTSM | D55: Etat d'avancement | E55: Eléments de bilan sur l'action | F55: Budget consacré | G55: ETP consacrés | H55: Commentaire | J55: Pour rappel, cette catégorie peut inclure les types d'actions suivantes :
B56: Actions du PTSM | J56: Plages horaires de soins non programmés dans les CMP Téléconsultation Consultation de psychologues libéraux Consultations avancées en psychiatrie Infirmier de pratique avancée Aller vers pour les populations spécifiques ou présentant des risques spécifiques Équipes mobiles
A64: Prévention du suicide | B64: P1CAT5 | C64: Actions du PTSM | D64: Etat d'avancement | E64: Eléments de bilan sur l'action | F64: Budget consacré | G64: ETP consacrés | H64: Commentaire | J64: Pour rappel, cette catégorie peut inclure les types d'actions suivantes :
B65: Actions du PTSM | J65: Politique nationale de prévention du Suicide (3114, Vigilans, formation…)

Sheet Priorité2
A1: 2. Parcours coordonnés et maintien en milieu ordinaire
A2: Indicateurs communs à tous les PTSM | B2: Indicateur | C2: Source | D2: Valeur année 0 (diagnostic) | E2: Valeur année 1 | F2: Valeur année 2 | G2: Valeur année 3 | H2: Valeur année 4 | I2: Valeur année 5 | J2: Evolution Année 0/Année 5 | K2: Commentaires
B3: Taux d’hospitalisations longues (>292 jours ; >90 jours) | C3: PMSI | J3: =IF(ISERROR((I3-D3)/D3),"",(I3-D3)/D3)
B4: Part des situations suivies par les DAC avec une problématique de santé mentale | C4: DAC | J4: =IF(ISERROR((I4-D4)/D4),"",(I4-D4)/D4)
B5: Part des situations suivies par les C360 relevant d'une problématique de handicap psychique | C5: C360 | J5: =IF(ISERROR((I5-D5)/D5),"",(I5-D5)/D5)
B6: Part de la file active des établissements prise en charge par une équipe mobile | C6: PMSI
B7: File active des programmes de réhabilitation psychosociale | C7: Bilan activité centre ressource RPS | J7: =IF(ISERROR((I7-D7)/D7),"",(I7-D7)/D7)
B8: Nb de personnes porteuses d'un handicap psychique accompagnées par un SAVS/ Samsah parmi les personnes ayant une orientation MDPH SAVS / Samsah | C8: ARS (direction du médico-social)
B9: Nombre d'aidants / de proches formés ou sensibilisés | C9: centre ressource régional RPS, Pro famille, bref | J9: =IF(ISERROR((I9-D9)/D9),"",(I9-D9)/D9)
A10: Indicateurs locaux | J10: =IF(ISERROR((I10-D10)/D10),"",(I10-D10)/D10)
J11: =IF(ISERROR((I11-D11)/D11),"",(I11-D11)/D11)
J12: =IF(ISERROR((I12-D12)/D12),"",(I12-D12)/D12)
I13: =IF(ISERROR((H13-C13)/C13),"",(H13-C13)/C13)
A14: Enseignements "qualitatifs" | C14: Oui ou plutôt oui, parce que… | D14: Non ou plutôt non, parce que… | E14: Leviers permettant d'obtenir ces résultats | F14: Freins ayant limité les résultats | G14: Perspectives et pistes de travail | H14: Autre commentaire
A15: Les hospitalisations inadaptées sont-elles limitées ?
A16: Les parcours sont-ils mieux coordonnés, y compris entre professionnels du champ sanitaire, médico-social et social ?
A17: Les ruptures sont-elles évitées ?
A18: Le partage d'information est-il mieux assuré entre les professionnels ?
A19: Le maintien en milieu ordinaire, dans le logement, dans l'emploi est-il augmenté ?
A20: Les partenaires du maintien en milieu ordinaire sont-ils mobilisés ?
A21: L'accès aux soins de rétablissement et aux accompagnement est-il accéléré ?
A22: Les proches sont-ils soutenus pour jouer leur rôle ?
A23: Les populations présentant des risques spécifiques sont-elles mieux accompagnées / prises en compte ?
A24: La filière psychotrauma est-elle structurée ?
A25: la filière de prise en charge est-il fluidifiée / clarifiée ?
A28: Sélectionner le niveau d'avancement dans les listes déroulantes ci-dessous
A29: Coordination des parcours de santé | B29: P2CAT1 | C29: Actions du PTSM | D29: Etat d'avancement | E29: Eléments de bilan sur l'action | F29: Budget consacré | G29: ETP consacrés | H29: Commentaire | J29: Pour rappel, cette catégorie peut inclure les types d'actions suivantes :
B30: Actions du PTSM | J30: Volet santé mentale de la coordination sur les parcours complexes (DAC, communauté 360) Coordonnateur de parcours, infirmier de pratique avancée, case manager Partage d’information, mon espace santé / DMP Collaboration secteur sanitaire / secteur médico-social Partage d’expérience, groupes d’analyse de pratique Dispositif de transition en (parcours ado et jeunes majeurs)
A38: Maintien et accès au logement | B38: P2CAT2 | C38: Actions du PTSM | D38: Etat d'avancement | E38: Eléments de bilan sur l'action | F38: Budget consacré | G38: ETP consacrés | H38: Commentaire | J38: Pour rappel, cette catégorie peut inclure les types d'actions suivantes :
B39: Actions du PTSM | J39: Accès au logement, à l’offre d'habitat inclusif Dispositifs d'accueil et de logement-hébergement innovants Solutions d'hébergement accompagnées, graduées, alternatives à l'hospitalisation complète, y compris MS Lieux de répit alternatifs à l'hospitalisation Équipe mobile pour les personnes (intervention à domicile, intervention d’urgence, EMPP) Équipe mobile auprès des professionnels (structures MS, sociales, familles d’accueil thérapeutique)
A47: Réhabilitation psychosociale en milieu ordinaire | B47: P2CAT3 | C47: Actions du PTSM | D47: Etat d'avancement | E47: Eléments de bilan sur l'action | F47: Budget consacré | G47: ETP consacrés | H47: Commentaire | J47: Pour rappel, cette catégorie peut inclure les types d'actions suivantes :
B48: Actions du PTSM | J48: Partenariats avec les acteurs du milieu ordinaire (Éducation nationale, acteurs de l’emploi, ASE…) Actions autour du travail comme outil de rétablissement de la personne (Working First, insertion et maintien dans l’emploi…) Formation / recrutement / intégration dans les équipes de médiateurs santé pair
A56: Parcours des populations spécifiques | B56: P2CAT4 | C56: Actions du PTSM | D56: Etat d'avancement | E56: Eléments de bilan sur l'action | F56: Budget consacré | G56: ETP consacrés | H56: Commentaire | J56: Pour rappel, cette catégorie peut inclure les types d'actions suivantes :
B57: Actions du PTSM | J57: Permanence d’accès aux soins Accès aux soins pour les populations spécifiques (précaire, détenus, migrants….) Actions dédiées pour les publics présentant des risques spécifiques (addictions, TCA…)
A65: Soutien aux aidants / proches | B65: P2CAT5 | C65: Actions du PTSM | D65: Etat d'avancement | E65: Eléments de bilan sur l'action | F65: Budget consacré | G65: ETP consacrés | H65: Commentaire | J65: Pour rappel, cette catégorie peut inclure les types d'actions suivantes :
B66: Actions du PTSM | J66: Lieux de répit, soutien et accompagnement des aidants Soutien et formation des aidants et de l’entourage, acquisition de compétences (Bref, Pro famille) Information des proches / aidants (maisons des usagers, accès aux associations type Unafam…)
A74: Structuration de la filière "psychotrauma" | B74: P2CAT5 | C74: Actions du PTSM | D74: Etat d'avancement | E74: Eléments de bilan sur l'action | F74: Budget consacré | G74: ETP consacrés | H74: Commentaire | J74: Pour rappel, cette catégorie peut inclure les types d'actions suivantes :
B75: Actions du PTSM | J75: Renforcement des capacités de repérage, d'orientation et de prise en charge Augmentation de l'offre de prise en charge spécialisée

Sheet Priorité3
A1: 3. Accès aux soins somatiques
A2: Indicateurs communs à tous les PTSM | B2: Indicateur | C2: Source | D2: Valeur année 0 (diagnostic) | E2: Valeur année 1 | F2: Valeur année 2 | G2: Valeur année 3 | H2: Valeur année 4 | I2: Valeur année 5 | J2: Evolution Année 0/Année 5 | K2: Commentaires
B3: Nb de personnes en ALD troubles psychiques ayant délcaré un médecin généraliste comme médecin traitant | C3: CPAM VIA ARS | J3: =IF(ISERROR((I3-D3)/D3),"",(I3-D3)/D3)
B4: Part des ESMS ayant signé une convention avec un établissement de santé pour l'accueil des personnes présentant des troubles psychiques | C4: ARS (Direction du MS) | J4: =IF(ISERROR((I4-D4)/D4),"",(I4-D4)/D4)
B5: File active des consultations dédiées handicap | C5: PMSI | J5: =IF(ISERROR((I5-D5)/D5),"",(I5-D5)/D5)
B6: Nb de personnes prises en charge pour une pathologie psychiatrique ayant eu au moins une consultation de MG dans l'année | C6: CPAM VIA ARS
B7: Nombre de CPTS ayant un volet santé mentale dans leur projet | C7: ARS (service premier recours) | J7: =IF(ISERROR((I7-D7)/D7),"",(I7-D7)/D7)
B8: Nb de MSP / praticiens proposant des consultations adaptées aux personnes vivant avec un trouble psychique | C8: ARS (service premier recours) | J8: =IF(ISERROR((I8-D8)/D8),"",(I8-D8)/D8)
A9: Indicateurs locaux | J9: =IF(ISERROR((I9-D9)/D9),"",(I9-D9)/D9)
J10: =IF(ISERROR((I10-D10)/D10),"",(I10-D10)/D10)
J11: =IF(ISERROR((I11-D11)/D11),"",(I11-D11)/D11)
J12: =IF(ISERROR((I12-D12)/D12),"",(I12-D12)/D12)
A13: Enseignements "qualitatifs" | C13: Oui ou plutôt oui, parce que… | D13: Non ou plutôt non, parce que… | E13: Leviers permettant d'obtenir ces résultats | F13: Freins ayant limité les résultats | G13: Perspectives et pistes de travail | H13: Autre commentaire
A14: L'accès aux soins est-il facilité / amélioré ?
A15: Les ruptures liées aux prises en charge somatiques sont-elles évitées ?
A16: La coordination entre le premier recours et la psychiatrie est-elle renforcée ?
A17: Le partage d'information entre les praticiens "psy" et 'somatiques" est-il mieux assuré ?
A20: Sélectionner le niveau d'avancement dans les listes déroulantes ci-dessous
A21: Coordination premier recours / psychiatrie | C21: Actions du PTSM | D21: Etat d'avancement | E21: Eléments de bilan sur l'action | F21: Budget consacré | G21: ETP consacrés | H21: Commentaire | J21: Pour rappel, cette catégorie peut inclure les types d'actions suivantes :
B22: Actions du PTSM | J22: Lien avec les CPTS et avec les structures d’exercice coordonné Interface avec les réseaux de santé (diabète, addiction…) Consultations avancées de psychiatrie en MSP/ CDS Partage d’information, DMP, soutien au déploiement de mon espace santé
A24: Terminé - installé en routine
A32: Accès aux soins somatiques | C32: Actions du PTSM | D32: Etat d'avancement | E32: Eléments de bilan sur l'action | F32: Budget consacré | G32: ETP consacrés | H32: Commentaire | J32: Pour rappel, cette catégorie peut inclure les types d'actions suivantes :
B33: Actions du PTSM | J33: Accès et accueil adapté aux consultations somatiques / en MCO Accès à un médecin traitant Soins somatiques en établissement Éducation à la santé (ETP somatique)

Sheet Priorité4
A1: 4. Prévention et prise en charge de la crise et des urgences
A2: Indicateurs communs à tous les PTSM | B2: Indicateur | C2: Source | D2: Valeur année 0 (diagnostic) | E2: Valeur année 1 | F2: Valeur année 2 | G2: Valeur année 3 | H2: Valeur année 4 | I2: Valeur année 5 | J2: Evolution Année 0/Année 5 | K2: Commentaires
B3: Nb de passages aux urgences pour motif psychiatrique | C3: RPU | J3: =IF(ISERROR((I3-D3)/D3),"",(I3-D3)/D3)
B4: Durée de passage aux urgences pour motif psychiatrique | C4: RPU | J4: =IF(ISERROR((I4-D4)/D4),"",(I4-D4)/D4)
B5: Part des patients accédant à une consultation de suivi sous 15 jours après hospitalisation | C5: PMSI | J5: =IF(ISERROR((I5-D5)/D5),"",(I5-D5)/D5)
B6: File active des consultations non programmées (en CMP et autres) | C6: PMSI
B7: Nb de régulations psychiatriques dans le cadre du service d'accès aux soins (SAS) | C7: Rapport d'activité du SAS | J7: =IF(ISERROR((I7-D7)/D7),"",(I7-D7)/D7)
B8: Nb de patients ayant rédigé des mesures anticipées dans le cadre de la prévention de la crise | C8: Etablissement psy | J8: =IF(ISERROR((I8-D8)/D8),"",(I8-D8)/D8)
A9: Indicateurs locaux | J9: =IF(ISERROR((I9-D9)/D9),"",(I9-D9)/D9)
J10: =IF(ISERROR((I10-D10)/D10),"",(I10-D10)/D10)
J11: =IF(ISERROR((I11-D11)/D11),"",(I11-D11)/D11)
J12: =IF(ISERROR((I12-D12)/D12),"",(I12-D12)/D12)
A13: Enseignements "qualitatifs" | C13: Oui ou plutôt oui, parce que… | D13: Non ou plutôt non, parce que… | E13: Leviers permettant d'obtenir ces résultats | F13: Freins ayant limité les résultats | G13: Perspectives et pistes de travail | H13: Autre commentaire
A14: La situation de crise est-elle mieux régulée et accueillie aux urgences ?
A15: Les personnes disposent-elles d'une voie d'accès et de sortie dédiée, rapide, adaptée, y compris en cas de crise violente ?
A16: L'articulation entre la prise en charge somatique / psychiatrie est-elle assurée pour garantir une prise en charge adéquate aux urgences et au moment de l'hospitalisation en psychiatrie (si besoin) ?
A17: Les passages aux urgences sont-ils limités ?
A18: La situation de crise ou pré-crise est-elle mieux anticipée ?
A19: Les situations de crise sont-elles mieux / plus souvent prises accopagnées à domicile, y compris pour de l'intervention rapide ?
A20: Les situations d'urgence médico-psychologiques collectives sont-elles mieux gérées ?
A23: Sélectionner le niveau d'avancement dans les listes déroulantes ci-dessous
A24: Accueil de la situation d’urgence ou de la crise | B24: P4CAT1 | C24: Actions du PTSM | D24: Etat d'avancement | E24: Eléments de bilan sur l'action | F24: Budget consacré | G24: ETP consacrés | H24: Commentaire | J24: Pour rappel, cette catégorie peut inclure les types d'actions suivantes :
B25: Actions du PTSM | J25: Volet psychiatrique du SAS, 3114 Accueil de la crise psychiatrique aux SAU Circuit d’accès aux soins / prise en charge rapide et dédié en cas de crise (y compris violente) Orientation vers la prise en charge post-crise, y compris les suicidants
A33: Permanence des soins | B33: P4CAT2 | C33: Actions du PTSM | D33: Etat d'avancement | E33: Eléments de bilan sur l'action | F33: Budget consacré | G33: ETP consacrés | H33: Commentaire | J33: Pour rappel, cette catégorie peut inclure les types d'actions suivantes :
B34: Actions du PTSM | J34: Équipes mobiles d’intervention d’urgence Consultations non programmées en CMP Permanence des soins en psychiatrie
A42: Anticipation de la crise et de ses conséquences | B42: P4CAT3 | C42: Actions du PTSM | D42: Etat d'avancement | E42: Eléments de bilan sur l'action | F42: Budget consacré | G42: ETP consacrés | H42: Commentaire | J42: Pour rappel, cette catégorie peut inclure les types d'actions suivantes :
B43: Actions du PTSM | J43: Mesures d’anticipation en psychiatrie
A51: Urgence médico-psychologique | B51: P4CAT3 | C51: Actions du PTSM | D51: Etat d'avancement | E51: Eléments de bilan sur l'action | F51: Budget consacré | G51: ETP consacrés | H51: Commentaire | J51: Pour rappel, cette catégorie peut inclure les types d'actions suivantes :
B52: Actions du PTSM | J52: Organisation de la prise en charge d’urgence psychologique et du psychotraumatisme

Sheet Priorité5
A1: 5. Accès aux droits, lutte contre la stigmatisation
A2: Indicateurs communs à tous les PTSM | B2: Indicateur | C2: Source | D2: Valeur année 0 (diagnostic) | E2: Valeur année 1 | F2: Valeur année 2 | G2: Valeur année 3 | H2: Valeur année 4 | I2: Valeur année 5 | J2: Evolution Année 0/Année 5 | K2: Commentaires
B3: Nombre de mesures de soins sans consentement | C3: Etablissement | J3: =IF(ISERROR((I3-D3)/D3),"",(I3-D3)/D3)
B4: Nombre de mesures d'isolement | C4: Etablissement | J4: =IF(ISERROR((I4-D4)/D4),"",(I4-D4)/D4)
B5: nombre de mesures de contention | C5: Etablissement | J5: =IF(ISERROR((I5-D5)/D5),"",(I5-D5)/D5)
B6: Nombre de mesures examinées par la CCDSP | C6: ARS (service des soins sans consentement)
B7: % des établissements d'hospitalisation ayant mis en place des équipes / actions favorisant l'apaisement | C7: Etablissement | J7: =IF(ISERROR((I7-D7)/D7),"",(I7-D7)/D7)
B8: File active des programmes d'éducation thérapeutique du patient en psychiatrie | C8: ARS(service prévention promotion de la santé) | J8: =IF(ISERROR((I8-D8)/D8),"",(I8-D8)/D8)
B9: Nombre de personnes fréquentant les GEM / Club house | C9: ARS (Direction du MS)
B10: % d'ES ou ESMS ayant mis en place l'intervention de pairs aidants | C10: ARS (direction de l'offre de soins et direction du MS)
A11: Indicateurs locaux | J11: =IF(ISERROR((I11-D11)/D11),"",(I11-D11)/D11)
J12: =IF(ISERROR((I12-D12)/D12),"",(I12-D12)/D12)
J13: =IF(ISERROR((I13-D13)/D13),"",(I13-D13)/D13)
J14: =IF(ISERROR((I14-D14)/D14),"",(I14-D14)/D14)
A15: Enseignements "qualitatifs" | C15: Oui ou plutôt oui, parce que… | D15: Non ou plutôt non, parce que… | E15: Leviers permettant d'obtenir ces résultats | F15: Freins ayant limité les résultats | G15: Perspectives et pistes de travail | H15: Autre commentaire
A16: Les soins sans consentement / le recours à l'iso-contention sont-ils mieux évités ?
A17: Les droits des personnes sont-ils plus respectés ?
A18: Les personnes sont-elles actrices de leur santé ?
A19: Le point de vue des personnes concernées est-il mieux entendu ?
A20: La stigmatisation des personnes et de leurs troubles a-t-elle reculé ?
A23: Sélectionner le niveau d'avancement dans les listes déroulantes ci-dessous
A24: Evitement des soins sans consentement | B24: P5CAT1 | C24: Actions du PTSM | D24: Etat d'avancement | E24: Eléments de bilan sur l'action | F24: Budget consacré | G24: ETP consacrés | H24: Commentaire | J24: Pour rappel, cette catégorie peut inclure les types d'actions suivantes :
B25: Actions du PTSM | J25: Évitement des soins sans consentement Évitement du recours à l’isolement et la contention
A33: Droits des usagers | B33: P5CAT2 | C33: Actions du PTSM | D33: Etat d'avancement | E33: Eléments de bilan sur l'action | F33: Budget consacré | G33: ETP consacrés | H33: Commentaire | J33: Pour rappel, cette catégorie peut inclure les types d'actions suivantes :
B34: Actions du PTSM | J34: Sensibilisation / promotion des droits et devoirs du patient dans son parcours Accès aux droits des usagers (dont droits sociaux , promotion du respect des droits Rôle des représentants des usagers dans les établissements (maisons des usagers, direction des usagers, commission des usagers…)
A42: Renforcement du pouvoir d'agir | B42: P5CAT3 | C42: Actions du PTSM | D42: Etat d'avancement | E42: Eléments de bilan sur l'action | F42: Budget consacré | G42: ETP consacrés | H42: Commentaire | J42: Pour rappel, cette catégorie peut inclure les types d'actions suivantes :
B43: Actions du PTSM | J43: Empowerment / capacitation ETP en psychiatrie
A51: Développement de la pair aidance | B51: P5CAT4 | C51: Actions du PTSM | D51: Etat d'avancement | E51: Eléments de bilan sur l'action | F51: Budget consacré | G51: ETP consacrés | H51: Commentaire | J51: Pour rappel, cette catégorie peut inclure les types d'actions suivantes :
B52: Actions du PTSM | J52: Reconnaissance des savoirs expérientiels Employabilité / professionnalisation des pairs-aidants Médiateur santé-pair Groupe d’entraide mutuelle
A60: Sensibilisation / information sur les troubles psychiques | B60: P5CAT5 | C60: Actions du PTSM | D60: Etat d'avancement | E60: Eléments de bilan sur l'action | F60: Budget consacré | G60: ETP consacrés | H60: Commentaire | J60: Pour rappel, cette catégorie peut inclure les types d'actions suivantes :
B61: Actions du PTSM | J61: Semaine d’information sur la santé mentale et autres actions grand public Sensibilisation des professionnels en contact avec les personnes souffrants de troubles psychiques

Sheet Priorité6
A1: 6. Promotion de la santé
A2: Indicateurs communs à tous les PTSM | B2: Indicateur | C2: Source | D2: Valeur année 0 (diagnostic) | E2: Valeur année 1 | F2: Valeur année 2 | G2: Valeur année 3 | H2: Valeur année 4 | I2: Valeur année 5 | J2: Evolution Année 0/Année 5 | K2: Commentaires
B3: Nombre de programmes traitant de compétences psychosociales sur le territoire | C3: ARS (Direction de la santé publique) | J3: =IF(ISERROR((I3-D3)/D3),"",(I3-D3)/D3)
B4: Nb de consultations spécialisées sur le mal être au travail | C4: DEETS | J4: =IF(ISERROR((I4-D4)/D4),"",(I4-D4)/D4)
B5: Nombre de structures accueillant des publics vulnérables dans lesquelles une action du PTSM a été menée (info, sensibilisation, formation, intervention…) | C5: CLS/CLSM | J5: =IF(ISERROR((I5-D5)/D5),"",(I5-D5)/D5)
B6: Nombre de personnes en affection longue durée pour trouble psychique | C6: CPAM VIA ARS
A7: Indicateurs locaux | J7: =IF(ISERROR((I7-D7)/D7),"",(I7-D7)/D7)
J8: =IF(ISERROR((I8-D8)/D8),"",(I8-D8)/D8)
J9: =IF(ISERROR((I9-D9)/D9),"",(I9-D9)/D9)
J10: =IF(ISERROR((I10-D10)/D10),"",(I10-D10)/D10)
A11: Enseignements "qualitatifs" | C11: Oui ou plutôt oui, parce que… | D11: Non ou plutôt non, parce que… | E11: Leviers permettant d'obtenir ces résultats | F11: Freins ayant limité les résultats | G11: Perspectives et pistes de travail | H11: Autre commentaire
A12: Les personnes ont-elles développé des capacités à faire des choix favorables à leur santé mentale / bien-être
A13: Les causes / facteurs de l'apparition de troubles sont-ils mieux pris en compte ?
A14: Les risques liés au mal être au travail, à l'isolement social, à l'addiction, à la parentalité sont-ils accompagnés ?
A17: Sélectionner le niveau d'avancement dans les listes déroulantes ci-dessous
A18: Compétences psychosociales | B18: P6CAT1 | C18: Actions du PTSM | D18: Etat d'avancement | E18: Eléments de bilan sur l'action | F18: Budget consacré | G18: ETP consacrés | H18: Commentaire | J18: Pour rappel, cette catégorie peut inclure les types d'actions suivantes :
B19: Actions du PTSM | J19: Éducation à la santé mentale (en ambulatoire) Actions de renforcement des compétences psycho-sociales
A29: Actions sur les déterminants de la santé mentale | B29: P6CAT2 | C29: Actions du PTSM | D29: Etat d'avancement | E29: Eléments de bilan sur l'action | F29: Budget consacré | G29: ETP consacrés | H29: Commentaire | J29: Pour rappel, cette catégorie peut inclure les types d'actions suivantes :
B30: Actions du PTSM | J30: Bien-être au travail Promotion de la santé en période périnatale, accompagnement à la parentalité Lutte contre l’isolement social, prévention des addictions
